 Dungeon Crawl Stone Soup version 0.27.0-1-g7a089689b8 (webtiles) character file.

Game seed: 3572614061887272648

616 ENSilLosco the Covered (level 7, 0/56 HPs)
             Began as a Human Fighter on Aug 6, 2021.
             Slain by a black bear (4 damage)
             ... on level 4 of the Dungeon.
             The game lasted 00:27:45 (4617 turns).

ENSilLosco the Covered (Human Fighter)              Turns: 4617, Time: 00:27:46

Health: 0/56       AC: 12    Str: 25    XL:     7   Next: 73%
Magic:  7/7        EV:  5    Int:  8    God:
Gold:   121        SH: 10    Dex: 12    Spells: 6/6 levels left

rFire    + . .     SeeInvis .   a - +0 long sword
rCold    x . .     Faith    .   c - +0 kite shield
rNeg     . . .     Spirit   .   k - +0 plate armour
rPois    .         Reflect  .   (no helmet)
rElec    .         Harm     .   (no cloak)
rCorr    .         Rampage  .   (no gloves)
Will     .....                  (no boots)
Stlth    ..........             (no amulet)
HPRegen  0.18/turn              f - ring of fire
MPRegen  0.10/turn              A - +6 ring of strength

@: flying
A: no striking features
a: no special abilities


You were on level 4 of the Dungeon.
You visited 1 branch of the dungeon, and saw 4 of its levels.

You collected 121 gold pieces.

Inventory:

Hand Weapons
 a - a +0 long sword (weapon)
 d - a +0 scythe
 o - a +0 club
 u - a +0 trident
 v - a +0 trident
 w - a +0 dagger
 x - a +0 flail
 y - a +0 short sword
 C - a +3 dagger
 D - a +1 dagger of speed
 E - a +0 flail of protection
Missiles
 s - 65 stones (quivered)
 t - 2 boomerangs
Armour
 b - a +0 scale mail
 c - a +0 kite shield (worn)
 h - a +0 ring mail
 k - a +0 plate armour (worn)
 p - a +0 robe
 z - a +0 kite shield
Jewellery
 f - a ring of fire (left hand)
 A - a +6 ring of strength (right hand)
Scrolls
 g - a scroll of fog {unknown}
 l - a scroll of acquirement {unknown}
 m - a scroll of identify {unknown}
 n - a scroll of enchant weapon {unknown}
Potions
 j - a potion of attraction {unknown}
 q - a potion of resistance {unknown}
 r - a potion of heal wounds {unknown}
 B - a potion of brilliance {unknown}
 F - a potion of cancellation {unknown}


   Skills:
 * Level 5.0 Fighting
 * Level 4.2 Long Blades
 * Level 5.1 Armour
 + Level 2.6 Dodging
 - Level 3.5 Shields


You had 6 spell levels left.
You didn't know any spells.
Your spell library was empty.

Dungeon Overview and Level Annotations

Branches:
Dungeon (4/15)
 Temple: D:4-7

Altars:
Okawaru


Message History

You closely miss the gnoll.
The gnoll is severely wounded.
The gnoll barely misses you.
You riposte.
You barely miss the gnoll.
The gnoll is severely wounded.
The gnoll hits you but does no damage. The gnoll closely misses you.
You barely miss the gnoll.
The gnoll is severely wounded.
The gnoll hits you but does no damage. x2; You block the gnoll's attack. x2
The gnoll barely misses you.
You hit the gnoll.
You kill the gnoll!
You block the gnoll's attack. The gnoll completely misses you.
The gnoll hits you from afar with a +0 spear.
* * * LOW HITPOINT WARNING * * *
You block the black bear's attack.
The black bear claws you but does no damage.
You block the black bear's attack.
Your Fighting skill increases to level 5!
Unknown command.
You closely miss the black bear. You block the gnoll's attack.
The gnoll hits you but does no damage.
The black bear bites you but does no damage.
The black bear claws you but does no damage.
You block the black bear's attack.
You hit the black bear.
The black bear is lightly wounded.
The gnoll hits you but does no damage. You block the gnoll's attack.
You block the black bear's attack. The black bear closely misses you.
The black bear claws you but does no damage.
The gnoll hits you but does no damage.
The gnoll hits you from afar with a +0 spear.
* * * LOW HITPOINT WARNING * * *
You block the black bear's attack. The black bear completely misses you.
The black bear claws you but does no damage.
You hit the black bear.
The black bear is moderately wounded.
The black bear bites you but does no damage.
The black bear claws you but does no damage.
The black bear claws you.
You die...

#) ..# #.#. #.###.# #.#.
#...#.# #.#.
#.#.#.#.##### #.##
............#########.##
.g.s...g................
#.#.#.#g###..######.####
# #h# #.# #@# #.# #.#
#.# #.# #.# ##########.#
#.# #..........# #.#
#.########## #.#
#.......# #.# #..####.#
#.# #..# #.# #.#


You could see a black bear and 2 gnolls.

Vanquished Creatures
  Sigmund (D:2)
  2 scorpions (D:4)
  2 orc priests (D:3)
  A jelly (D:4)
  2 iguanas (D:4)
  An orc wizard (D:4)
  A hound skeleton (D:4)
  A gnoll (D:4)
  4 adders
  4 worms
  An adder skeleton (D:4)
  12 orcs
  3 ball pythons
  8 bats
  9 endoplasms
  3 giant cockroaches (D:1)
  10 goblins
  7 hobgoblins
  4 jackals (D:3)
  4 quokkas
  5 frilled lizards
  5 kobolds
  7 rats
97 creatures vanquished.

Notes
Turn   | Place    | Note
-------+----------+-------------------------------------------
     0 | D:1      | ENSilLosco the Human Fighter began the quest for the Orb.
     0 | D:1      | Reached XP level 1. HP: 18/18 MP: 1/1
    53 | D:1      | Reached XP level 2. HP: 18/24 MP: 2/2
   447 | D:1      | Reached XP level 3. HP: 25/29 MP: 3/3
  1541 | D:2      | Reached XP level 4. HP: 31/35 MP: 4/4
  1865 | D:2      | Noticed Sigmund
  1898 | D:2      | Killed Sigmund
  1899 | D:2      | Reached skill level 1 in Dodging
  1899 | D:2      | Reached XP level 5. HP: 7/42 MP: 5/5
  1899 | D:2      | Reached XP level 6. HP: 8/48 MP: 6/6
  2630 | D:3      | Found an iron altar of Okawaru.
  3737 | D:3      | Found a faded altar of an unknown god.
  4141 | D:4      | Reached XP level 7. HP: 38/55 MP: 7/7
  4302 | D:4      | HP: 2/55 [poisoned by a scorpion]
  4587 | D:4      | Reached skill level 5 in Armour
  4614 | D:4      | Reached skill level 5 in Fighting
  4617 | D:4      | Slain by a black bear

Illustrated notes

Levels and vault maps discovered:
D:1:      lemuel_arrival_broad_hall, layout_loops_ring
D:2:      layout_loops_cross, minmay_misc_feat_room, uniq_sigmund
D:3:      layout_basic, okawaru_altar_gauntlet_db,
          chequers_ecumenical_altar_simple
D:4:      layout_basic, mainiacjoe_overflow_paths

Skill      XL: |  1  2  3  4  5  6  7 |
---------------+----------------------+-----
Fighting       | 4 5 |  5.0
Long Blades    | 3 4 |  4.2
Armour         | 4 5 |  5.1
Dodging        | 1 2 |  2.6
Shields        | |  3.5

Action                   |  1- 3 |  4- 6 |  7- 9 || total
-------------------------+-------+-------+-------++-------
Melee: Long sword        |   122 |   167 |    72 ||   361
  Use: Potion            |       |     1 |     5 ||     6
Armor: Scale mail        |    39 |       |       ||    39
       Plate armour      |    36 |   137 |    57 ||   230
Dodge: Dodged            |    27 |    39 |    23 ||    89
Block: Kite shield       |    73 |   113 |    65 ||   251
       Rpst.: Long sword |     7 |    12 |     6 ||    25
